 Dungeon Crawl Stone Soup version 0.31-a0-325-g067879e3d3 (webtiles) character file.

Game seed: 13742642517503332002

30 lunkers the Ruffian (level 3, -1/43 HPs)
             Began as a Meteoran Shapeshifter on July 17, 2023.
             Slain by an orc
             ... wielding a +0 morningstar
              (8 damage)
             ... on level 3 of the Dungeon on July 18, 2023.
             The game lasted 00:01:40 (515 turns).

lunkers the Ruffian (Meteoran Shapeshifter)          Turns: 515, Time: 00:01:40

Health: -1/43      AC: 21    Str: 17    XL:     3   Next: 58%
Magic:  4/4        EV:  2    Int:  9    God:
Gold:   50         SH:  0    Dex: 16    Spells: 2/2 levels left

rFire   . .          .
                       - Unarmed
rCold   . . .        (no shield)
rNeg    . . .        a - melded +0 animal skin
rPois   +            (helmet currently unavailable)
rElec   .            (cloak currently unavailable)
rCorr   .            (gloves currently unavailable)
SInv    .            (boots currently unavailable)
Will    .....        (no amulet)
Stlth   +            (no ring)
HPRegen 0.27/turn    (no ring)
MPRegen 0.09/turn

%: no passive effects
@: lethally poisoned (-1 -> -5), tree-form, glowing
A: stationary, stasis, torment immunity, boosted hp, sense surroundings 1,
otherworldly, glowing, explore regen
a: no special abilities


You were on level 3 of the Dungeon.
You were a tree.
You visited 1 branch of the dungeon, and saw 3 of its levels.

You collected 50 gold pieces.

Inventory:

Armour
 a - a +0 animal skin (melded)
Talismans
 c - a beast talisman
Scrolls
 e - a scroll of identify {unknown}
Potions
 b - a potion of lignification
 d - 2 potions of curing {unknown}
 g - a potion of attraction {unknown}
 h - a potion of cancellation {unknown}


   Skills:
 - Level 2.1 Fighting
 - Level 2.4 Dodging
 + Level 4.3 Unarmed Combat
 - Level 3.6 Shapeshifting


You had 2 spell levels left.
You didn't know any spells.
Your spell library was empty.

Dungeon Overview and Level Annotations

Branches:
Dungeon (3/15) Zot: 1287

Altars:

Shops:
D:1 !


Innate Abilities, Weirdness & Mutations

You are a tree.
Your roots penetrate the ground, keeping you stationary.
You cannot be teleported.
You are immune to unholy pain and torment.
Your maximum health is greatly increased.
Your equipment is partially melded.
You passively map a small area around you.
You are easily found by Zot.
You glow in the dark.
You regain HP and MP as you explore.


Message History

An orc comes into view. It is wielding a +0 morningstar.
The adder bites you but does no damage.
You barely miss the adder.
The adder is lightly wounded.
The orc shouts!
The adder bites you. The worm barely misses you.
You miss the adder.
The adder is lightly wounded.
The adder barely misses you.
You closely miss the adder.
The adder is lightly wounded.
The adder bites you.
You are poisoned.
The adder poisons you! The worm bites you but does no damage.
You hit the adder.
The adder is heavily wounded.
You feel sick. The adder bites you but does no damage. The adder misses you.
You hit the adder.
The adder is severely wounded.
You feel sick. The worm bites you!
* * * LOW HITPOINT WARNING * * *
The adder bites you.
* * * LOW HITPOINT WARNING * * *
You are lethally poisoned!
The adder poisons you!
Unknown command.
Really quaff the potion of lignification?
Your transformation has ended.
You turn into a tree.
Your +0 animal skin melds into your body.
Your roots penetrate the ground.
You feel sick. The adder bites you but does no damage.
The worm barely misses you. The orc hits you with a +0 morningstar.
* * * LOW HITPOINT WARNING * * *
Unknown command.
You closely miss the adder.
The adder is severely wounded.
You feel sick. The adder bites you but does no damage.
The orc hits you with a +0 morningstar!
You die...

#.....# #.#####.#. ,
#.....# #.#.....#. *
###.....# #.#...###.
##.......# #.#..####. *
...#.....# #.#.......
...(....# ##.#...#### *
* *#.....###....#..... ,
#..........#.###### *
#w♣........#....... ,
......So...#############
,, ..$........# #......
* *##.#.#.#...# ##.###..
*, ,* #,#.#....##
#.....<. ,#*#.##.#
#..##### , , .. #.# #
,,. ,.. #.# *# , , ,


You could see a worm, an adder and an orc.

Vanquished Creatures
  An adder (D:2)
  2 ball pythons
  A bat (D:2)
  2 giant cockroaches
  2 goblins (D:2)
  A hobgoblin (D:1)
  4 jackals (D:2)
  A quokka (D:1)
  A frilled lizard (D:3)
  4 kobolds
19 creatures vanquished.

Notes
Turn   | Place    | Note
-------+----------+-------------------------------------------
     0 | D:1      | lunkers the Meteoran Shapeshifter began the quest for the
                  | Orb.
     0 | D:1      | Reached XP level 1. HP: 17/17 MP: 2/2
    41 | D:1      | Found Usoel's Distillery.
    85 | D:1      | Reached skill level 3 in Unarmed Combat
    85 | D:1      | Reached XP level 2. HP: 23/24 MP: 3/3
   251 | D:2      | Reached XP level 3. HP: 19/29 MP: 4/4
   331 | D:2      | Reached skill level 4 in Unarmed Combat
   502 | D:3      | Upgraded the game from 0.31-a0-321-g19405a7a6a to
                  | 0.31-a0-325-g067879e3d3
   515 | D:3      | Slain by an orc

Illustrated notes

Levels and vault maps discovered:
D:1:      dpeg_arrival_chambers_temple_mockup, layout_basic,
          dilly_ecumenical_altar_fadedgnrine, serial_shops,
          nicolae_shop_waterfront, shop, minivault_26, minmay_hexomino_c4
D:2:      layout_basic, basic_altar, grunt_decor_junction, due_unseen_surprise
D:3:      layout_basic, minmay_misc_feat_nine_boxes, uniq_robin

Skill      XL: |  1  2  3 |
---------------+----------+-----
Unarmed Combat | 3 4 |  4.3
Fighting       | |  2.1
Dodging        | |  2.4
Shapeshifting  | |  3.6

Action                     || total
---------------------------++-------
  Melee: Unarmed           ||    57
    Use: Scroll            ||     2
         Potion            ||     1
 Armour: Animal skin       ||    14
         Skin              ||     2
  Dodge: Dodged            ||    25

Table legend: (Time is in decaauts)
 A = Elapsed time spent in this place.
 B = Non-inter-level travel time spent in this place.
 C = Inter-level travel time spent in this place.
 D = Time resting spent in this place.
 E = Time spent auto-exploring this place.
 F = Levels seen in this place.
 G = Mean time per level.
                   A        B        C        D        E       F      G
               +--------+--------+--------+--------+--------+-----+--------+
         Total |    511 |    492 |     19 |      0 |    354 |   3 |  170.3 |
       Dungeon |    511 |    492 |     19 |      0 |    354 |   3 |  170.3 |
               +--------+--------+--------+--------+--------+-----+--------+

Top non-repeatable levels by time:
     D:2: 277 daAuts
     D:1: 168 daAuts
     D:3: 65 daAuts
